 Dungeon Crawl Stone Soup version 0.18-a0-1-gfac8111 (webtiles) character file.

2357 Ijustatesigmund the Covert (level 9, -1/51 HPs)
             Began as an Octopode Wizard on Oct 30, 2015.
             Was an Initiate of Okawaru.
             Slain by a wight
             ... wielding a +3 halberd of freezing
              (14 damage)
             ... on level 7 of the Dungeon.
             The game lasted 00:27:23 (8713 turns).

Ijustatesigmund the Covert (Octopode Wizard)        Turns: 8713, Time: 00:27:23

Health: -1/51      AC:  2    Str:  6    XL:     9   Next: 44%
Magic:  1/13       EV: 11    Int: 24    God:    Okawaru [......]
Gold:   261        SH:  0    Dex: 10    Spells: 5 memorised, 4 levels left

rFire  . . .     SeeInvis .     m - +3 rapier (speed)
rCold  + . .     Clarity  .     (no shield)
rNeg   . . .     SustAt   .     a - +1 hat
rPois  .         Gourm    .     (no amulet)
rElec  .         Spirit   .     (no ring)
rCorr  .         Warding  .     w - ring of protection from cold
rMut   .         Stasis   .     (no ring)
MR     .....                    (no ring)
Stlth  +++++.....               (no ring)
                                (no ring)
                                (no ring)
                                (no ring)

@: very slightly contaminated, repel missiles, heavily drained, not resistant to
hostile enchantments, quite stealthy
A: almost no armour, amphibious, 8 rings, constrict 8, camouflage 1, gelatinous
body 1
a: Renounce Religion


You were on level 7 of the Dungeon.
You worshipped Okawaru.
Okawaru was noncommittal.
You were hungry.

You visited 2 branches of the dungeon, and saw 8 of its levels.
You also visited: Sewer.

You collected 333 gold pieces.
You spent 72 gold pieces at shops.

Inventory:

Hand Weapons
 m - a +3 rapier of speed (weapon)
 n - a +0 blowgun
 v - a +1 rapier of venom
Missiles
 t - 29 poisoned needles
 y - 3 tomahawks of dispersal (quivered)
Armour
 a - a +1 hat (worn)
Jewellery
 w - a ring of protection from cold (right tentacle)
Wands
 o - a wand of paralysis (11)
 r - a wand of slowing (21)
 F - a wand of fire (7)
Scrolls
 i - 2 scrolls of recharging
 l - a scroll of blinking
 x - 2 scrolls of fog
 D - a scroll of remove curse
Potions
 d - a potion of curing {unknown}
 e - 2 potions of ambrosia
 f - 2 potions of cure mutation
 h - a potion of flight {unknown}
 j - a potion of haste
 k - a potion of resistance {unknown}
 p - 2 potions of invisibility {unknown}
 u - 2 potions of heal wounds
 z - a potion of berserk rage {unknown}
 C - a potion of lignification {unknown}
Books
 b - a book of Minor Magic

   Spells                             Type                      Level
   a - Magic Dart                     Conjuration                  1
   b - Blink                          Translocation                2
   c - Call Imp                       Summoning                    2
   d - Repel Missiles                 Charms/Air                   2
   e - Slow                           Hexes                        2
   f - Conjure Flame                  Conjuration/Fire             3
   g - Mephitic Cloud                 Conjuration/Poison/Air       3
 q - a book of Changes

   Spells                             Type                      Level
   a - Beastly Appendage              Transmutation                1
   b - Sticks to Snakes               Transmutation                2
   c - Spider Form                    Transmutation/Poison         3
   d - Ice Form                       Ice/Transmutation            4
   e - Blade Hands                    Transmutation                5
 s - a book of Dreams

   Spells                             Type                      Level
   a - Ensorcelled Hibernation        Hexes/Ice                    2
   b - Phase Shift                    Translocation                5
   c - Shadow Creatures               Summoning                    5
   d - Silence                        Hexes/Air                    5
   e - Darkness                       Hexes                        6
   f - Mass Confusion                 Hexes                        6
Comestibles
 c - 5 bread rations
 g - 3 slices of pizza
 A - 2 meat rations
 B - a beef jerky


   Skills:
 - Level 4.1(2.9) Short Blades
 - Level 2.0(0.9) Dodging
 + Level 10.3(9.0) Stealth
 - Level 3.0(1.8) Spellcasting
 + Level 6.8(5.6) Conjurations
 - Level 3.1(2.0) Hexes
   Level 1.0(0.0) Summonings
 - Level 1.0(0.0) Translocations
 - Level 3.0(1.8) Ice Magic
 + Level 2.3(1.2) Air Magic
 + Level 2.9(1.8) Poison Magic


You had 4 spell levels left.
You knew the following spells:

 Your Spells              Type           Power        Failure   Level  Hunger
a - Magic Dart            Conj           ####         1%          1    #......
b - Blink                 Tloc           N/A          21%         2    ##.....
c - Repel Missiles        Chrm/Air       #.....       14%         2    ##.....
d - Mephitic Cloud        Conj/Pois/Air  ###.....     14%         3    ###....
e - Ensorcelled Hibernat  Hex/Ice        ##....       12%         2    ##.....


Dungeon Overview and Level Annotations

Branches:
Dungeon (7/15)             Temple (1/1) D:7

Altars:
Ashenzari
Cheibriados
Elyvilon
Fedhas
Gozag
Makhleb
Nemelex Xobeh
Okawaru
Ru
Sif Muna
Trog
Vehumet
Yredelemnul
Zin
The Shining One

Shops:
D:4 (


Innate Abilities, Weirdness & Mutations

You cannot wear most types of armour.
You are amphibious.
You can wear up to eight rings at the same time.
You can use your tentacles to constrict eight enemies at once.
Your skin changes colour to match your surroundings (Stealth).
Your rubbery body absorbs attacks (AC +1).


Message History

Casting: Blink
Confirm with . or Enter, or press ? or * to list all spells.
You miscast Blink.
Your skin tingles.
The wight closely misses you.
Casting: Blink
Confirm with . or Enter, or press ? or * to list all spells.
You blink.
The wight closely misses you.
Drink which item? (? for menu, Esc to quit)
You feel much better.
The wight hits you from afar with a halberd of freezing!
You feel drained.
* * * LOW HITPOINT WARNING * * *
Casting: Blink
Confirm with . or Enter, or press ? or * to list all spells.
Aiming: Magic Dart
Press: ? - help, Shift-Dir - straight line, f/p - wight
Aim: a wight, wielding a halberd of freezing and wearing a robe (almost destroyed)
The magic dart hits the wight.
The wight is almost destroyed.
The wight hits you from afar with a halberd of freezing!
You die...

.# ## .### ...# ########## #####
.#<# ## #........########....
##.## .....#........#...........
.#..# ............ยง.'...........
.#..# .....#.....z..#.#.###.....
.#..# .....#$..@....#.#.# ##.###
##..# .....#........#.#.####....
#...# ........................(.
##.####..........................
......)>.........................
##.....#.................(.......
#.....# ........................
#.....# ........................
#.....######....................


You could see a wight.

Vanquished Creatures
  Grinder (D:3)
  Sigmund (D:6)
  A wyvern (D:6)
  Edmund (D:6)
  An ice beast (D:5)
  Purgy (Sewer)
  A centaur (D:5)
  5 ogres
  A necrophage (D:5)
  2 giant frogs (D:6)
  2 scorpions
  3 wights (D:7)
  A jelly (D:5)
  2 giant frog skeletons (D:7)
  3 orc wizards
  3 iguanas
  4 worker ants
  A hound skeleton (D:5)
  8 adders
  3 gnolls (D:5)
  A river rat (D:4)
  A shadow imp (D:6)
  5 oozes
  An adder zombie (D:6)
  5 worms
  An adder skeleton (D:6)
  2 giant geckos
  7 orcs
  5 giant cockroaches
  6 hobgoblins
  15 jackals
  4 quokkas
  A ball python (D:1)
  5 bats
  A giant gecko skeleton (D:4)
  6 giant newts
  8 goblins
  10 kobolds
  A quokka zombie (D:5)
  7 rats
137 creatures vanquished.

Notes
Turn   | Place    | Note
--------------------------------------------------------------
     0 | D:1      | Ijustatesigmund the Octopode Wizard began the quest for the Orb.
     0 | D:1      | Reached XP level 1. HP: 11/11 MP: 4/4
     3 | D:1      | Noticed an electric eel
     3 | D:1      | Noticed an electric eel
   234 | D:1      | Found a snail-covered altar of Cheibriados.
   244 | D:1      | Reached XP level 2. HP: 12/17 MP: 0/6
   381 | D:1      | Learned a level 2 spell: Blink
   384 | D:1      | Learned a level 2 spell: Repel Missiles
  1118 | D:2      | Reached XP level 3. HP: 21/21 MP: 7/7
  1123 | D:2      | Learned a level 3 spell: Mephitic Cloud
  1517 | D:2      | Reached skill level 4 in Stealth
  2078 | D:3      | Reached XP level 4. HP: 27/27 MP: 2/8
  2592 | D:3      | Noticed Grinder
  2618 | D:4      | Noticed an ogre
  2621 | D:4      | Found a radiant altar of Vehumet.
  2636 | D:4      | Noticed an ogre
  2636 | D:4      | Reached skill level 1 in Poison Magic
  2636 | D:4      | Reached XP level 5. HP: 10/31 MP: 0/9
  2724 | D:4      | Killed an ogre
  2724 | D:4      | Reached skill level 5 in Stealth
  2724 | D:4      | Reached skill level 1 in Air Magic
  2750 | D:4      | Killed an ogre
  2750 | D:4      | Reached XP level 6. HP: 20/36 MP: 3/10
  2864 | D:4      | Learned a level 2 spell: Ensorcelled Hibernation
  2968 | D:4      | Found a glowing drain.
  2980 | Sewer    | Entered a sewer
  3255 | Sewer    | Noticed Purgy
  3286 | Sewer    | Killed Purgy
  3286 | Sewer    | Reached skill level 1 in Short Blades
  3286 | Sewer    | Reached skill level 6 in Stealth
  3286 | Sewer    | Reached skill level 1 in Hexes
  3286 | Sewer    | Reached skill level 1 in Ice Magic
  3436 | D:4      | Found a bloodstained altar of Trog.
  3737 | D:4      | Reached XP level 7. HP: 39/41 MP: 6/11
  3953 | D:4      | Found Umarayl's Antique Weapon Shoppe.
  3961 | D:4      | Bought a glowing rapier for 72 gold pieces
  4005 | D:5      | Entered Level 5 of the Dungeon
  5108 | D:5      | Reached skill level 7 in Stealth
  5231 | D:5      | Reached XP level 8. HP: 44/44 MP: 12/12
  5537 | D:6      | Reached skill level 5 in Conjurations
  5989 | D:6      | Reached skill level 8 in Stealth
  6235 | D:6      | Found a shattered altar of Ashenzari.
  6401 | D:6      | Noticed Edmund
  6439 | D:6      | Killed Edmund
  6439 | D:6      | Reached skill level 9 in Stealth
  6674 | D:6      | Reached XP level 9. HP: 49/49 MP: 7/13
  6971 | D:6      | Noticed Sigmund
  6973 | D:6      | Killed Sigmund
  7650 | D:3      | Paralysed by Grinder for 4 turns
  7659 | D:3      | Killed Grinder
  7659 | D:3      | Reached skill level 10 in Stealth
  7790 | D:7      | Found a staircase to the Ecumenical Temple.
  7805 | Temple   | Entered the Ecumenical Temple
  7855 | Temple   | Became a worshipper of Warmaster Okawaru
  8713 | D:7      | Slain by a wight

Vault maps used:
D:1:      arrival_aquarium_b, corexii_corridor_pit, cheibriados_altar_1
D:2:      grunt_decor_mini_mirrors
D:3:      uniq_grinder
D:4:      gup_sewer_entry_bubbles, serial_shops, shop, kennysheep_diamond,
          trog_three_pillars_becter
D:5:      first_bread, kennysheep_boxes
D:6:      basic_altar, sigmund_edmund_badplayer
D:7:      ashenzari_altar_1, minmay_temple_entry_nine_rooms,
          kennysheep_generic_room_12
Temple:   grunt_circular_temple_18
Sewer:    sewer_the_crocodile

Action                   |  1- 3 |  4- 6 |  7- 9 || total
-------------------------+-------+-------+-------++-------
Melee: Unarmed           |     7 |       |       ||     7
       Dagger            |    26 |     5 |       ||    31
       Rapier            |       |    54 |   176 ||   230
 Fire: Blowgun           |       |     4 |       ||     4
 Cast: Magic Dart        |    81 |    46 |   135 ||   262
       Repel Missiles    |     1 |     1 |     1 ||     3
       Mephitic Cloud    |       |     9 |    10 ||    19
       Blink             |       |     4 |     4 ||     8
       Ensorcelled Hiber |       |       |     8 ||     8
  Use: Scroll            |     6 |     3 |     9 ||    18
       Potion            |       |     1 |     3 ||     4
 Stab: Sleeping          |     1 |     5 |    10 ||    16
       Confused          |       |     2 |     6 ||     8
       Distracted        |       |     1 |     1 ||     2
  Eat: Chunk             |     3 |     2 |     9 ||    14
       Bread ration      |       |     1 |       ||     1
       Fruit             |       |       |     7 ||     7
       Beef jerky        |       |       |     1 ||     1
